[Event "17th Memorial Lezcano Montalvo 2025"]
[Site "Gran Canaria"]
[Date "2025.04.18"]
[Round "7.42"]
[White "Creo Abeijon, Diego"]
[Black "de Leon Navarro, Claudio"]
[Result "1/2-1/2"]
[Annotator "RC"]
[ECO "C11"]
[WhiteElo "1729"]
[BlackElo "1918"]
[PlyCount "122"]
[EventDate "2025.04.13"]
[EventType "swiss"]
[EventCountry "ESP"]
[SourceTitle "playchess.com"]
[Source "ChessBase"]
[SourceQuality "1"]
[TimeControl "5400+30"]

1. e4 e6 2. d4 d5 3. Nc3 Nf6 4. e5 Nfd7 5. f4 c5 6. Nf3 Nc6 7. Be3 h6 8. Be2 g5 9. g3 g4 10. Nh4 cxd4 11. Bxd4 Nxd4 12. Qxd4 Bc5 13. Qd3 h5 14. O-O-O a6 15. h3 gxh3 16. Rxh3 Bb4 17. Ng2 h4 18. Rxh4 Rf8 19. Rdh1 Qa5 20. Rh8 Bxc3 21. Rxf8+ Nxf8 22. bxc3 Bd7 23. Qd4 O-O-O 24. Qb4 Qxa2 25. Rh8 Qa1+ 26. Kd2 d4 27. cxd4 Be8 28. Qc3+ Qxc3+ 29. Kxc3 Ng6 30. Rh2 b5 31. Bf3 Kc7 32. Ne3 a5 33. Rd2 Kb6 34. d5 Kc5 35. d6 f6 36. Ng4 fxe5 37. fxe5 Bd7 38. Be4 Be8 39. Kb2 b4 40. c3 a4 41. cxb4+ Kxb4 42. Rd3 Nf8 43. Ne3 Nd7 44. Nc2+ Ka5 45. Rc3 Rb8+ 46. Ka3 Nxe5 47. Nd4 Nf7 48. Nxe6 Nxd6 49. Bd3 Bf7 50. Nd4 Rc8 51. Rxc8 Nxc8 52. Nc6+ Kb6 53. Ne5 Bb3 54. Kb4 Kc7 55. Nc4 Bxc4 56. Bxc4 Kd6 57. Ba2 Ke5 58. g4 Nd6 59. Kxa4 Kf4 60. Be6 Nc4 61. Kb4 Ne5 1/2-1/2

[Event "17th Memorial Lezcano Montalvo 2025"]
[Site "Gran Canaria"]
[Date "2025.04.18"]
[Round "7.43"]
[White "Arlet, Benjamin Andres"]
[Black "Lascar, Radoslawa"]
[Result "1/2-1/2"]
[Annotator "NA RC"]
[ECO "B51"]
[WhiteElo "1721"]
[BlackElo "1897"]
[PlyCount "119"]
[EventDate "2025.04.13"]
[EventType "swiss"]
[EventCountry "ESP"]
[SourceTitle "playchess.com"]
[Source "ChessBase"]
[SourceQuality "1"]
[TimeControl "5400+30"]

1. e4 c5 2. Nf3 Nc6 3. Bb5 d6 4. O-O Bd7 5. c3 Nf6 6. Re1 Qc7 7. d4 e5 8. h3 Be7 9. a4 O-O 10. Bg5 a6 11. Bf1 Rfe8 12. d5 Na7 13. a5 b6 14. Bxf6 Bxf6 15. axb6 Qxb6 16. Rxa6 Qxb2 17. Rxd6 Bb5 18. c4 Nc8 19. Re2 Qb4 20. Rxf6 Ba4 21. Qc1 gxf6 22. Rb2 Qa5 23. Ra2 Qd8 24. Qe3 Qd6 25. Nh4 Ne7 26. Nd2 Bd7 27. Rxa8 Rxa8 28. Nb3 Rc8 29. Be2 Qb6 30. Nd2 Kh8 31. Bh5 Rg8 32. Bxf7 Rg5 33. Ndf3 Rg7 34. Bh5 Bxh3 35. Qh6 Ng8 36. Qe3 Ne7 37. Nxe5 fxe5 38. Qxh3 Qb1+ 39. Kh2 Qxe4 40. d6 Qf4+ 41. g3 Qxf2+ 42. Qg2 Qxg2+ 43. Kxg2 Nc6 44. Nf5 Ra7 45. Kf3 Nd4+ 46. Ke4 Nxf5 47. Kxf5 e4 48. Ke6 Kg7 49. d7 Ra6+ 50. Kd5 Ra8 51. Kxc5 Kf6 52. Kd4 Ke7 53. Bg4 Rg8 54. Bf5 h5 55. c5 Rxg3 56. Kxe4 h4 57. c6 Rc3 58. Kd5 h3 59. c7 Rxc7 60. Bxh3 1/2-1/2

[Event "17th Memorial Lezcano Montalvo 2025"]
[Site "Gran Canaria"]
[Date "2025.04.18"]
[Round "7.44"]
[White "Garcia Rodriguez, Adriana"]
[Black "Garcia Almeida, Valeria"]
[Result "1-0"]
[Annotator "NA RC"]
[ECO "B22"]
[WhiteElo "1893"]
[BlackElo "1582"]
[PlyCount "83"]
[EventDate "2025.04.13"]
[EventType "swiss"]
[EventCountry "ESP"]
[SourceTitle "playchess.com"]
[Source "ChessBase"]
[SourceQuality "1"]
[TimeControl "5400+30"]

1. e4 c5 2. c3 Nf6 3. e5 Nd5 4. d4 cxd4 5. Nf3 d6 6. cxd4 Nc6 7. Bc4 dxe5 8. dxe5 e6 9. O-O Be7 10. Qe2 Qc7 11. Qe4 Nb6 12. Bb3 Bd7 13. Bd2 a5 14. a3 a4 15. Bc2 Na5 16. Bc3 Qc4 17. Nd4 Qd5 18. Qg4 O-O 19. Be4 Qc4 20. Nd2 Qc7 21. Rac1 Nc6 22. Nb5 Qb8 23. Rfe1 Na5 24. Nd4 Qd8 25. Re3 Re8 26. Rg3 g6 27. Bb1 Nd5 28. Ne4 Nc6 29. Nf3 Bf8 30. h4 Bg7 31. Nd6 h5 32. Qe4 Rf8 33. Bd2 Qb8 34. Bh6 f5 35. exf6 Rxf6 36. Rxg6 Kf8 37. Bxg7+ Ke7 38. Bxf6+ Nxf6 39. Rg7+ Kd8 40. Qf4 Ne8 41. Qg5+ Kc7 42. Nb5+ 1-0

[Event "17th Memorial Lezcano Montalvo 2025"]
[Site "Gran Canaria"]
[Date "2025.04.18"]
[Round "7.45"]
[White "Leandro Tejera, Damian"]
[Black "Alonso Perez, Alfredo"]
[Result "0-1"]
[Annotator "NA"]
[ECO "D05"]
[WhiteElo "1546"]
[BlackElo "1853"]
[PlyCount "80"]
[EventDate "2025.04.13"]
[EventType "swiss"]
[EventCountry "ESP"]
[SourceTitle "playchess.com"]
[Source "ChessBase"]
[SourceQuality "1"]
[TimeControl "5400+30"]

1. d4 d5 2. Nf3 Nf6 3. e3 c5 4. b3 e6 5. Bd3 Be7 6. Bb2 O-O 7. O-O cxd4 8. exd4 Nc6 9. Ne5 Nxe5 10. dxe5 Nd7 11. Nd2 Nc5 12. Be2 b6 13. c4 Ba6 14. b4 Ne4 15. b5 Bb7 16. cxd5 Nxd2 17. Qxd2 Qxd5 18. Qxd5 Bxd5 19. a4 Rac8 20. Ba3 Bc5 21. Bxc5 Rxc5 22. f4 Rfc8 23. Rad1 Kf8 24. g3 Rc3 25. f5 Re3 26. fxe6 Bxe6 27. Bd3 Ke7 28. Rfe1 Rxe1+ 29. Rxe1 Rc3 30. Bb1 Rc4 31. Bd3 Rd4 32. Bc2 Rd2 33. Rc1 Bd5 34. Bd1 Ke6 35. Bg4+ Kxe5 36. Rc7 Rg2+ 37. Kf1 Rxh2 38. Rxa7 Kd4 39. Bd7 Ke3 40. Bc6 Rh1# 0-1

[Event "17th Memorial Lezcano Montalvo 2025"]
[Site "Gran Canaria"]
[Date "2025.04.18"]
[Round "7.46"]
[White "Castro Miguelez, Jose"]
[Black "Rodriguez Trujillo, Cristian"]
[Result "1-0"]
[Annotator "NA"]
[ECO "C88"]
[WhiteElo "1846"]
[BlackElo "1562"]
[PlyCount "53"]
[EventDate "2025.04.13"]
[EventType "swiss"]
[EventCountry "ESP"]
[SourceTitle "playchess.com"]
[Source "ChessBase"]
[SourceQuality "1"]
[TimeControl "5400+30"]

1. e4 e5 2. Nf3 Nc6 3. Bb5 a6 4. Ba4 Nf6 5. O-O Be7 6. Re1 b5 7. Bb3 O-O 8. a4 Bb7 9. d3 Na5 10. Ba2 c5 11. Nxe5 Qc7 12. Nf3 Nc6 13. Nc3 Nd4 14. Nxd4 cxd4 15. Nd5 Nxd5 16. exd5 Bd6 17. h3 Rfe8 18. Bd2 Rxe1+ 19. Bxe1 Re8 20. Bb3 b4 21. a5 Qc5 22. Ra4 Bxd5 23. Bxb4 Qc6 24. Bxd5 Qxa4 25. Bxd6 Qxa5 26. Qf3 Re7 27. Bxf7+ 1-0

[Event "17th Memorial Lezcano Montalvo 2025"]
[Site "Gran Canaria"]
[Date "2025.04.18"]
[Round "7.47"]
[White "Pinilla Sanchez, Josep A."]
[Black "Murashkin, Roman G"]
[Result "0-1"]
[Annotator "ChessBase"]
[ECO "A11"]
[WhiteElo "1827"]
[BlackElo "2129"]
[PlyCount "87"]
[EventDate "2025.04.13"]
[EventType "swiss"]
[EventCountry "ESP"]
[SourceTitle "playchess.com"]
[Source "ChessBase"]
[SourceQuality "1"]
[TimeControl "5400+30"]

1. Nf3 d5 2. g3 Nf6 3. Bg2 Bf5 4. O-O e6 5. c4 c6 6. Qb3 Qc8 7. d3 h6 8. Nc3 Be7 9. cxd5 exd5 10. Qc2 O-O 11. e4 Be6 12. e5 Nfd7 13. d4 Nb6 14. Bf4 Bh3 15. Rac1 Bxg2 16. Kxg2 Na6 17. a3 Qe6 18. Rfe1 Rfc8 19. Qe2 Nc7 20. Rc2 Qf5 21. Rd1 Ne6 22. Bc1 Rf8 23. Qd3 Qh5 24. h3 f5 25. exf6 Rxf6 26. g4 Qf7 27. Ne5 Qf8 28. Ng6 Qe8 29. Ne5 Nd7 30. Re1 Nxe5 31. Rxe5 Bd6 32. Ree2 Bf4 33. Kg1 Qf7 34. Be3 Rf8 35. Nd1 Ng5 36. Bxf4 Rxf4 37. Re3 Ne4 38. Qf1 h5 39. Qg2 hxg4 40. hxg4 Qg6 41. f3 Nf6 42. Rd2 Nxg4 43. fxg4 Rxg4 44. Nc3 0-1

[Event "17th Memorial Lezcano Montalvo 2025"]
[Site "Gran Canaria"]
[Date "2025.04.18"]
[Round "7.48"]
[White "Hernandez De Armas, Leonardo"]
[Black "Hernandez Guerra, Luna Yue"]
[Result "0-1"]
[Annotator "NA"]
[ECO "B19"]
[WhiteElo "1645"]
[BlackElo "1897"]
[PlyCount "58"]
[EventDate "2025.04.13"]
[EventType "swiss"]
[EventCountry "ESP"]
[SourceTitle "playchess.com"]
[Source "ChessBase"]
[SourceQuality "1"]
[TimeControl "5400+30"]

1. e4 c6 2. d4 d5 3. Nc3 dxe4 4. Nxe4 Bf5 5. Ng3 Bg6 6. h4 h6 7. Nf3 e6 8. Bd3 Bxd3 9. Qxd3 Nf6 10. Bf4 Bb4+ 11. c3 Be7 12. O-O-O Nbd7 13. Ne4 Nxe4 14. Qxe4 Qa5 15. Kb1 Nf6 16. Qd3 O-O 17. Rdg1 Qf5 18. Qxf5 exf5 19. Re1 Rfe8 20. Re2 Ne4 21. Bc1 Bf6 22. Rhe1 Re6 23. Be3 Rae8 24. d5 cxd5 25. Nd4 Bxd4 26. cxd4 Nf6 27. g3 g5 28. hxg5 hxg5 29. f4 Ng4 0-1

[Event "17th Memorial Lezcano Montalvo 2025"]
[Site "Gran Canaria"]
[Date "2025.04.18"]
[Round "7.49"]
[White "Cabrera Martel, Isaac"]
[Black "Bangiev, Katharina"]
[Result "0-1"]
[Annotator "NA"]
[ECO "D00"]
[WhiteElo "1655"]
[BlackElo "1848"]
[PlyCount "72"]
[EventDate "2025.04.13"]
[EventType "swiss"]
[EventCountry "ESP"]
[SourceTitle "playchess.com"]
[Source "ChessBase"]
[SourceQuality "1"]
[TimeControl "5400+30"]

1. d4 Nf6 2. Nc3 d5 3. Bf4 g6 4. e3 a6 5. h4 h5 6. Nf3 Bg7 7. Be2 c5 8. Ne5 Nc6 9. Bf3 O-O 10. O-O cxd4 11. exd4 Bf5 12. a3 Qb6 13. Nxd5 Nxd5 14. Bxd5 Nxd4 15. Bb3 Rad8 16. Nc4 Qb5 17. a4 Qb4 18. Bd2 Qc5 19. Qe1 Bxc2 20. Bb4 Qc6 21. Na5 Qd7 22. Bxc2 Nxc2 23. Qxe7 Rfe8 24. Qxd7 Rxd7 25. Rfd1 Rxd1+ 26. Rxd1 Nxb4 27. Nxb7 Bxb2 28. Nc5 Rc8 29. Ne4 Rc1 30. Rxc1 Bxc1 31. Kf1 Kf8 32. Ke2 Ke7 33. Kd1 Bb2 34. Kd2 Bd4 35. f3 f5 36. Ng5 Bf2 0-1

[Event "17th Memorial Lezcano Montalvo 2025"]
[Site "Gran Canaria"]
[Date "2025.04.18"]
[Round "7.50"]
[White "Schmitz, Manuela"]
[Black "Morell Rojas, Samuel"]
[Result "1-0"]
[Annotator "NA"]
[ECO "D52"]
[WhiteElo "1815"]
[BlackElo "1652"]
[PlyCount "122"]
[EventDate "2025.04.13"]
[EventType "swiss"]
[EventCountry "ESP"]
[SourceTitle "playchess.com"]
[Source "ChessBase"]
[SourceQuality "1"]
[TimeControl "5400+30"]

1. d4 d5 2. Nf3 Nf6 3. c4 e6 4. Bg5 Nbd7 5. e3 c6 6. Nc3 Qa5 7. Nd2 Bb4 8. Qc2 O-O 9. Be2 dxc4 10. Bxf6 Nxf6 11. Nxc4 Qc7 12. O-O Rd8 13. Ne5 c5 14. Nb5 Qb8 15. a3 Ba5 16. Qxc5 a6 17. Nc3 b5 18. Nc6 Qc7 19. Nxd8 Qxd8 20. Bf3 Rb8 21. Rac1 g6 22. Qg5 Bd7 23. b4 Bc7 24. Ne4 Nxe4 25. Qxd8+ Bxd8 26. Bxe4 a5 27. Rc2 Be7 28. Rc7 Rd8 29. bxa5 Bxa3 30. a6 Bd6 31. Rcc1 Bb8 32. Bc6 Kg7 33. Bxd7 Rxd7 34. Rc5 b4 35. Rb5 Bd6 36. Rb6 Be7 37. Rb7 Rxb7 38. axb7 Bd6 39. Rb1 Kf6 40. Rxb4 Bb8 41. Rc4 h5 42. Rc8 Bd6 43. b8=Q Bxb8 44. Rxb8 h4 45. f3 g5 46. Kf2 Kf5 47. e4+ Kf6 48. Ke3 Ke7 49. g3 hxg3 50. hxg3 Kf6 51. g4 Ke7 52. d5 exd5 53. exd5 Kd6 54. Kd4 f6 55. Rb6+ Ke7 56. Kc5 Kf7 57. Kc6 Ke7 58. Kc7 Kf7 59. d6 Ke8 60. d7+ Kf7 61. d8=Q Kg6 1-0

[Event "17th Memorial Lezcano Montalvo 2025"]
[Site "Gran Canaria"]
[Date "2025.04.18"]
[Round "7.51"]
[White "Angulo Diaz, Dario"]
[Black "Vargas Tinoco, Martin Alonso"]
[Result "0-1"]
[Annotator "NA"]
[ECO "D31"]
[WhiteElo "1568"]
[BlackElo "1811"]
[PlyCount "97"]
[EventDate "2025.04.13"]
[EventType "swiss"]
[EventCountry "ESP"]
[SourceTitle "playchess.com"]
[Source "ChessBase"]
[SourceQuality "1"]
[TimeControl "5400+30"]

1. d4 d5 2. c4 e6 3. Nc3 a6 4. a4 Nf6 5. Nf3 Nc6 6. Bg5 dxc4 7. e4 Na5 8. e5 h6 9. Bd2 Nd5 10. Nxd5 Qxd5 11. Rc1 Bd7 12. Qc2 Bc6 13. Bxc4 Nxc4 14. Qxc4 Qe4+ 15. Be3 Qg4 16. Rf1 Qxg2 17. Nd2 Qd5 18. b3 a5 19. Qxd5 exd5 20. f4 Bb4 21. f5 Kd7 22. Kd1 Bxd2 23. Kxd2 Rae8 24. h4 Kc8 25. Rg1 Rh7 26. Rc5 Bd7 27. Rgc1 Bc6 28. Rh1 Kb8 29. Ke2 g6 30. Kf3 gxf5 31. Kf4 f6 32. Kxf5 fxe5 33. Kg6 Rhe7 34. Kxh6 exd4 35. Bxd4 Re4 36. Bc3 R8e6+ 37. Kg5 b6 38. h5 bxc5 39. h6 d4 40. h7 Re8 41. Bxa5 R4e5+ 42. Kf4 Bxh1 43. h8=Q Rf8+ 44. Kxe5 Rd8 45. Kf4 Bd5 46. b4 c4 47. b5 c3 48. b6 Ba8 49. Kf5 0-1

[Event "17th Memorial Lezcano Montalvo 2025"]
[Site "Gran Canaria"]
[Date "2025.04.18"]
[Round "7.52"]
[White "Oramas Medina, Miguel"]
[Black "Roca Marrero, Fernando"]
[Result "1-0"]
[Annotator "NA RC"]
[ECO "C41"]
[WhiteElo "1796"]
[BlackElo "1617"]
[PlyCount "81"]
[EventDate "2025.04.13"]
[EventType "swiss"]
[EventCountry "ESP"]
[SourceTitle "playchess.com"]
[Source "ChessBase"]
[SourceQuality "1"]
[TimeControl "5400+30"]

1. e4 d6 2. d4 Nf6 3. Nc3 Nbd7 4. Be3 e5 5. Nf3 Be7 6. Be2 a6 7. a4 b6 8. O-O O-O 9. Nd2 Bb7 10. f4 exd4 11. Bxd4 Re8 12. e5 Nd5 13. exd6 Bf6 14. Bxf6 N7xf6 15. dxc7 Qxc7 16. Nxd5 Nxd5 17. Rf2 Ne3 18. Qc1 Rac8 19. c3 Qd6 20. g3 Qg6 21. Nf3 Qe4 22. h3 Nf5 23. Kh2 Qe3 24. Qxe3 Rxe3 25. g4 Bxf3 26. Bxf3 Ne7 27. Bb7 a5 28. Bxc8 Nxc8 29. Rd1 Re8 30. Rfd2 Ne7 31. Rd8 Kf8 32. Rxe8+ Kxe8 33. Kg3 f5 34. Kf3 g6 35. gxf5 Nxf5 36. b4 axb4 37. cxb4 Ke7 38. a5 Nd6 39. axb6 Kd7 40. b7 Kc7 41. Rxd6 1-0

[Event "17th Memorial Lezcano Montalvo 2025"]
[Site "Gran Canaria"]
[Date "2025.04.18"]
[Round "7.53"]
[White "Alonso Galvez, Ana Belen"]
[Black "Sanchez Ramirez, Gustavo"]
[Result "0-1"]
[Annotator "NA"]
[ECO "B45"]
[WhiteElo "1554"]
[BlackElo "1780"]
[PlyCount "92"]
[EventDate "2025.04.13"]
[EventType "swiss"]
[EventCountry "ESP"]
[SourceTitle "playchess.com"]
[Source "ChessBase"]
[SourceQuality "1"]
[TimeControl "5400+30"]

1. e4 c5 2. Nf3 e6 3. d4 cxd4 4. Nxd4 Bc5 5. Nc3 Nc6 6. Be3 Qf6 7. Ncb5 Bxd4 8. Bxd4 Nxd4 9. Nc7+ Kd8 10. Nxa8 Qe5 11. Qd3 Nf6 12. O-O-O Nc6 13. Re1 Qb8 14. Qg3 Qxg3 15. hxg3 b6 16. f3 Bb7 17. e5 Ne8 18. Nxb6 axb6 19. Bd3 h6 20. g4 Nc7 21. g5 Nb4 22. a3 Nxd3+ 23. cxd3 Nd5 24. Rh4 Ke7 25. Kd2 h5 26. Rc1 g6 27. Rcc4 Ra8 28. g4 hxg4 29. Rhxg4 b5 30. Rc5 Bc6 31. Rd4 Rh8 32. Re4 Rh3 33. b3 Rxf3 34. a4 bxa4 35. bxa4 Rf2+ 36. Ke1 Ra2 37. a5 Nc7 38. Re2 Ra1+ 39. Kf2 Na6 40. Rcc2 Nb4 41. Rc3 Rxa5 42. d4 Nd5 43. Rh3 Nf4 44. Ree3 Nxh3+ 45. Rxh3 Ra2+ 46. Ke1 Rg2 0-1

[Event "17th Memorial Lezcano Montalvo 2025"]
[Site "Gran Canaria"]
[Date "2025.04.18"]
[Round "7.54"]
[White "Martinez Correa, Rafael"]
[Black "Trocoli Romero, Luis Dingyu"]
[Result "0-1"]
[Annotator "NA"]
[ECO "B10"]
[WhiteElo "1719"]
[BlackElo "1599"]
[PlyCount "86"]
[EventDate "2025.04.13"]
[EventType "swiss"]
[EventCountry "ESP"]
[SourceTitle "playchess.com"]
[Source "ChessBase"]
[SourceQuality "1"]
[TimeControl "5400+30"]

1. e4 c6 2. Nf3 d5 3. exd5 cxd5 4. Ne5 a6 5. d4 Nc6 6. c3 Nxe5 7. dxe5 Qc7 8. Bf4 Bf5 9. Bd3 Bxd3 10. Qxd3 e6 11. Nd2 Bc5 12. Nf3 Ne7 13. O-O Nf5 14. Rac1 b5 15. Nd4 Bxd4 16. cxd4 Qb6 17. Rc5 Kd7 18. Rfc1 Rac8 19. Be3 Rxc5 20. dxc5 Qc6 21. b4 Nxe3 22. Qxe3 h6 23. Qg3 Rg8 24. h3 Ke7 25. Qf4 Rd8 26. Qd4 Rg8 27. Rc3 Kd7 28. Rf3 Ke8 29. Qf4 Rf8 30. Rg3 Rg8 31. Kh2 Qd7 32. Qd4 Qc6 33. Kg1 Kd7 34. h4 h5 35. Qd1 g6 36. Rf3 Ke8 37. Qd4 Rf8 38. Rc3 Rg8 39. Qf4 Ke7 40. Rf3 Rf8 41. Qd4 Rg8 42. Rf6 Ke8 43. Qf4 Rf8 0-1

[Event "17th Memorial Lezcano Montalvo 2025"]
[Site "Gran Canaria"]
[Date "2025.04.18"]
[Round "7.55"]
[White "Mykhyeyeva, Maria"]
[Black "Peraza Concepcion, Airam"]
[Result "0-1"]
[Annotator "NA"]
[ECO "C51"]
[WhiteElo "1478"]
[BlackElo "1712"]
[PlyCount "112"]
[EventDate "2025.04.13"]
[EventType "swiss"]
[EventCountry "ESP"]
[SourceTitle "playchess.com"]
[Source "ChessBase"]
[SourceQuality "1"]
[TimeControl "5400+30"]

1. e4 e5 2. Nf3 Nc6 3. Bc4 Bc5 4. b4 Bxb4 5. c3 Bc5 6. d4 exd4 7. O-O h6 8. h3 Nge7 9. cxd4 Bb6 10. Bb2 O-O 11. Nbd2 d5 12. exd5 Nxd5 13. a3 Be6 14. Qb3 Na5 15. Qa2 Nxc4 16. Nxc4 c6 17. Qb1 Qf6 18. Nxb6 axb6 19. Bc1 Bxh3 20. gxh3 Qxf3 21. Kh2 Nf4 22. Bxf4 Qxf4+ 23. Kh1 Qxd4 24. Qc1 Ra4 25. Rg1 Qe4+ 26. Kh2 Qf4+ 27. Qxf4 Rxf4 28. Kg3 Ra4 29. Rgb1 b5 30. Rb3 Rfa8 31. Re1 Rxa3 32. Rxa3 Rxa3+ 33. f3 Kf8 34. Kg4 b4 35. Rb1 b3 36. Kf4 c5 37. Ke3 c4 38. Kd2 b5 39. Kc3 b2+ 40. Kc2 Rxf3 41. Kxb2 Rb3+ 42. Kc2 Rxb1 43. Kxb1 b4 44. Kc2 b3+ 45. Kb2 f5 46. Kc3 f4 47. Kxc4 b2 48. Kd4 b1=Q 49. h4 Qe1 50. Kd3 f3 51. h5 f2 52. Kd4 f1=Q 53. Kd5 Qd3+ 54. Kc5 Qc1+ 55. Kb4 Qa6 56. Kb3 Qaa3# 0-1

[Event "17th Memorial Lezcano Montalvo 2025"]
[Site "Gran Canaria"]
[Date "2025.04.18"]
[Round "7.56"]
[White "Fernandez De La Hoz A., Carlos"]
[Black "Jerez Baez, Alvaro"]
[Result "1-0"]
[Annotator "NA RC"]
[ECO "B32"]
[WhiteElo "1687"]
[BlackElo "1583"]
[PlyCount "107"]
[EventDate "2025.04.13"]
[EventType "swiss"]
[EventCountry "ESP"]
[SourceTitle "playchess.com"]
[Source "ChessBase"]
[SourceQuality "1"]
[TimeControl "5400+30"]

1. e4 c5 2. Nf3 Nc6 3. d4 cxd4 4. c3 Nf6 5. e5 Ng4 6. cxd4 e6 7. Nc3 Bb4 8. a3 Qa5 9. Bd2 Bxc3 10. bxc3 a6 11. Bd3 Nh6 12. O-O Ng8 13. c4 Qc7 14. Re1 Nge7 15. Bf4 Na5 16. Rc1 h6 17. d5 g5 18. Bg3 g4 19. Nh4 Qc5 20. d6 Qxa3 21. dxe7 Nc6 22. Ra1 Qxe7 23. Qxg4 Nb4 24. Be4 h5 25. Qf3 Rb8 26. Ng6 fxg6 27. Bxg6+ Kd8 28. Qe4 h4 29. Bf4 b6 30. Qe3 Kc7 31. Be4 Bb7 32. Rab1 Bxe4 33. Qxe4 Rhg8 34. h3 Rbf8 35. Be3 Rf7 36. Qd4 Qc5 37. Qd6+ Qxd6 38. exd6+ Kxd6 39. Rxb4 a5 40. Rxb6+ Kc7 41. Reb1 Ra8 42. R6b2 Kc8 43. Rb7 a4 44. Ra7 Rxa7 45. Bxa7 Rf4 46. Rb4 a3 47. Ra4 Re4 48. Be3 d5 49. Rxa3 Rxc4 50. Kf1 e5 51. Ke2 d4 52. Bg5 e4 53. Kd2 d3 54. Rc3 1-0